Description

A rough draft of TIME's early pressure build using the ghost. Given timings are precise as the build starts, then more approximate as it goes on, hitting major build concepts.

VOD

https://www.youtube.com/watch?v=veejL9mCnEs

Build Order

Get SALT Encoding   

  12  0:00  SCV x2  
  14  0:18  Supply Depot  
  15  0:25  SCV x2  
  16  0:42  Barracks  
  16  0:44  Refinery  
  16  0:52  SCV x2  
  18  1:08  Action  3 on gas
  18  1:15  SCV  
  19  1:29  Reaper, Orbital Command  
  20  1:40  Command Center  
  20  1:49  Supply Depot  
  20  1:55  SCV  
  21  2:01  Marine  
  22  2:06  SCV  
  23  2:12  Factory  
  23  2:19  SCV  
  24  2:24  Barracks Reactor  
  24  2:31  SCV x2  
  25  2:25  Command Center  
  25  2:52  Orbital Command  
  25  2:56  SCV  
  26  3:00  Action, Refinery  switch factory to reactor
  26  3:04  Ghost Academy  
  26  3:05  Barracks Tech Lab  
  26  3:08  SCV  
  27  3:17  Hellion x2  
  31  3:19  SCV x4  
  34  3:34  Ghost  
  36  3:39  SCV x2  
  38  3:40  Hellion x2  
  40  3:42  Action  small worker cut?
  42  3:45  Action  constant hellions
  46  4:00  Supply Depot  
  50  4:04  Ghost  
  50  4:06  Orbital Command  
  52  4:16  Starport  
  58  4:34  Action  marines and stim
  66  4:54  Medivac  
  68  4:57  Barracks x2  
  70  5:12  Engineering Bay x2  
  71  5:15  Refinery x2  
Spawning Tool Build Advisor. Get it on Overwolf

Analysis

The early ghost allows the terran to aggressively burst down defensive queens. the transition into bio ghost is very clean. as shown in the vod, this iteration of the build can be countered by early defensive roaches. the build begins as a 1 gas reaper marine fast expand, into fast 3rd cc. barracks makes reactor for the factory to make reactored hellions, then the barracks makes a tech lab in timing with a ghost academy. ghosts and hellions move forward to pressure, with a medivac as the starport unit to reinforce and reposition the ghosts. 2 ghosts is the initial count in this iteration, then the build transitions into more standard bio with eng bays and additional rax.

Go to:

Details

  • Created by: Nayrou
  • Published on: Mar 24, 2021
  • Modified on: Mar 24, 2021
  • Patch: 4.11.0
  • Difficulty: Hard
Show
View Real Time Build Order
Export as new Build Order

Comments (0)

There are no comments. Be the first!

Create an account to comment!